 Dungeon Crawl Stone Soup version 0.23-a0-329-g6f3f904 (webtiles) character file.

129 galech the Skirmisher (level 4, -12/36 HPs)
             Began as a Demonspawn Fighter on Oct 16, 2018.
             Mangled by an ogre
             ... wielding a +0 giant spiked club
              (14 damage)
             ... on level 3 of the Dungeon.
             The game lasted 00:02:36 (2279 turns).

galech the Skirmisher (Demonspawn Fighter)          Turns: 2279, Time: 00:02:37

Health: -12/36     AC:  6    Str: 16    XL:     4   Next: 88%
Magic:  0/13       EV:  7    Int: 10    God:
Gold:   138        SH:  9    Dex: 13    Spells: 3/3 levels left

rFire    . . .     SeeInvis .   a - +0 war axe
rCold    + . .     Gourm    .   c - +0 shield
rNeg     . . .     Faith    .   b - +0 scale mail
rPois    .         Spirit   +   (no helmet)
rElec    .         Reflect  .   (no cloak)
rCorr    .         Harm     .   (no gloves)
MR       .....                  (no boots)
Stlth    ..........             (no amulet)
HPRegen  0.12/turn              h - ring of magical power
MPRegen  0.13/turn              (no ring)

@: no status effects
A: cold resistance 1, magic shield
a: no special abilities


You were on level 3 of the Dungeon.
You were not hungry.

You visited 1 branch of the dungeon, and saw 3 of its levels.

You collected 138 gold pieces.

Inventory:

Hand Weapons
 a - a +0 war axe (weapon)
Armour
 b - a +0 scale mail (worn)
 c - a +0 shield (worn)
Jewellery
 h - a ring of magical power (left hand)
 k - an uncursed amulet of harm {unknown}
Scrolls
 e - 2 scrolls of enchant weapon {unknown}
 i - 2 scrolls of blinking
 l - 4 scrolls of teleportation
 n - 2 scrolls of noise
 q - 2 scrolls of fog
 r - a scroll of identify
Potions
 d - 2 potions of might
 j - a potion of haste {unknown}
 m - a potion of lignification {unknown}
 o - a potion of magic
 p - a potion of agility
Comestibles
 f - 5 rations
 g - 4 chunks of flesh


   Skills:
 + Level 3.6 Fighting
 + Level 2.8 Axes
 + Level 3.3 Armour
 + Level 0.6 Dodging
 + Level 3.5 Shields


You had 3 spell levels left.
You didn't know any spells.
Your spell library was empty.

Dungeon Overview and Level Annotations

Branches:
Dungeon (3/15)

Altars:
Kikubaaqudgha
The Shining One


Innate Abilities, Weirdness & Mutations

Your flesh is cold resistant. (rC+)
When hurt, damage is shared between your health and your magic reserves.


Message History

You hit the ogre.
The ogre is heavily wounded.
The ogre hits you with a +0 giant spiked club!
You are too injured to fight recklessly!
You are too injured to fight recklessly!
You are too injured to fight recklessly!
You are too injured to fight recklessly!
You are too injured to fight recklessly!
You are too injured to fight recklessly!
You are too injured to fight recklessly!
You are too injured to fight recklessly!
You are too injured to fight recklessly!
You slash the ogre!
The ogre is almost dead.
The ogre hits you with a +0 giant spiked club!!
* * * LOW HITPOINT WARNING * * *
You closely miss the ogre.
The ogre is almost dead.
The ogre hits you with a +0 giant spiked club!
You die...

####.....
.........
###.....
#..... #
#..... .#
#..... #.#
#.####
#######O.#
#.#
#.....@..#
.#####.####
##.####..#
............
#.# ..#
#.######..÷.
#.# ....
#...). #.#
.##.# #.....
#.# .# .#
#.#### #.#
## # ## #÷#
### ####
#.####.##
#...


You could see an ogre.

Vanquished Creatures
  Jessica (D:2)
  A worker ant (D:2)
  2 adders
  A shadow imp (D:2)
  A worm (D:2)
  A dart slug (D:1)
  3 leopard geckos (D:2)
  A ball python (D:1)
  7 bats
  2 giant cockroaches
  4 goblins
  5 hobgoblins
  3 jackals (D:1)
  2 quokkas (D:2)
  4 frilled lizards
  6 kobolds
  6 rats
50 creatures vanquished.

Notes
Turn   | Place    | Note
-------+----------+-------------------------------------------
     0 | D:1      | galech the Demonspawn Fighter began the quest for the Orb.
     0 | D:1      | Reached XP level 1. HP: 18/18 MP: 1/1
   426 | D:1      | Gained mutation: When hurt, damage is shared between your
                  | health and your magic reserves. [demonic ancestry]
   426 | D:1      | Reached XP level 2. HP: 24/24 MP: 2/2
   886 | D:2      | Found an ancient bone altar of Kikubaaqudgha.
   909 | D:2      | Reached XP level 3. HP: 22/29 MP: 3/3
  1085 | D:2      | Noticed Jessica
  1094 | D:2      | Killed Jessica
  1109 | D:2      | Gained mutation: Your flesh is cold resistant. (rC+)
                  | [demonic ancestry]
  1109 | D:2      | Reached XP level 4. HP: 22/35 MP: 4/4
  2225 | D:3      | Found a glowing golden altar of the Shining One.
  2271 | D:3      | Noticed an ogre
  2279 | D:3      | Mangled by an ogre

Vault maps used:
D:1:      sevenhm_arrival_forest_fort_small_6
D:2:      old_standard_altar, uniq_jessica
D:3:      old_standard_altar, nicolae_tso_carved_into_rock

Skill      XL: |  1  2 |
---------------+-------+-----
Shields        | 3 |  3.5
Axes           | 2 |  2.8
Armour         | 3 |  3.3
Fighting       | |  3.6
Dodging        | |  0.6

Action                   |  1- 3 |  4- 6 || total
-------------------------+-------+-------++-------
Melee: Hand axe          |    96 |    28 ||   124
       War axe           |     6 |    54 ||    60
  Use: Scroll            |       |     6 ||     6
       Potion            |       |     2 ||     2
  Eat: Chunk             |     1 |     4 ||     5
Armor: Scale mail        |    35 |    29 ||    64
Dodge: Dodged            |    24 |    22 ||    46
Block: Shield            |    40 |    43 ||    83

Table legend:
 A = Non-vault XP
 B = Vault XP
 C = Vault XP percentage of total XP
 D = Non-vault monster count
 E = Vault monster count
 F = Vault count percentage of total count
                 A         B        C        D         E       F
            +---------+---------+-------+---------+---------+-------
      Total |     148 |      37 |  20.0 |      49 |       1 |   2.0
            +---------+---------+-------+---------+---------+-------
        D:1 |      27 |       0 |   0.0 |      14 |       0 |   0.0
        D:2 |      97 |      37 |  27.6 |      27 |       1 |   3.6
        D:3 |      24 |       0 |   0.0 |       8 |       0 |   0.0
            +---------+---------+-------+---------+---------+-------
